 Dungeon Crawl Stone Soup version 0.20.1-1-g8b1a95d (webtiles) character file.

641 Norian the Conjurer (level 7, 0/37 HPs)
             Began as a Deep Elf Conjurer on Oct 17, 2017.
             Was a Follower of Sif Muna.
             Slain by Duvessa
             ... wielding a +0 rapier
              (5 damage)
             ... on level 5 of the Dungeon.
             The game lasted 00:12:43 (3824 turns).

Norian the Conjurer (Deep Elf Conjurer)             Turns: 3824, Time: 00:12:44

Health: 0/37       AC:  4    Str:  6    XL:     7   Next: 26%
Magic:  9/18       EV: 12    Int: 21    God:    Sif Muna [*.....]
Gold:   126        SH:  0    Dex: 15    Spells: 7/18 levels left

rFire    . . .     SeeInvis .   d - +2 dagger (venom)
rCold    . . .     Gourm    .   (no shield)
rNeg     . . .     Faith    .   o - +0 leather armour {rPois}
rPois    +         Spirit   .   (no helmet)
rElec    .         Reflect  .   (no cloak)
rCorr    .         Harm     .   m - +0 pair of gloves
MR       .....                  (no boots)
Stlth    ++........             (no amulet)
Regen    0.2/turn               (no ring)
MPRegen  0.2/turn               (no ring)

@: no status effects
A: no striking features
a: Divine Energy, Renounce Religion


You were on level 5 of the Dungeon.
You worshipped Sif Muna.
Sif Muna was aware of your devotion.
You were hungry.

You visited 2 branches of the dungeon, and saw 6 of its levels.

You collected 126 gold pieces.

Inventory:

Hand Weapons
 d - a +2 dagger of venom (weapon)
Armour
 m - a +0 pair of gloves (worn)
 o - a +0 leather armour of poison resistance (worn)
Jewellery
 a - a +1 ring of protection {unknown}
Wands
 s - a wand of polymorph (8/24)
Scrolls
 e - a scroll of blinking {unknown}
 h - 2 scrolls of teleportation {unknown}
 j - 2 scrolls of remove curse
 l - a scroll of amnesia {unknown}
 n - a scroll of enchant armour {unknown}
 p - 2 scrolls of identify
 u - a scroll of immolation {unknown}
Potions
 f - 2 potions of lignification
 i - a potion of cancellation {unknown}
 k - 2 potions of curing
 q - a potion of magic {unknown}
 r - 2 potions of haste
Books
 b - a book of Conjurations

   Spells                             Type                      Level
   a - Magic Dart                     Conjuration                  1
   b - Searing Ray                    Conjuration                  2
   c - Dazzling Spray                 Conjuration/Hexes            3
   d - Fulminant Prism                Conjuration/Hexes            4
   e - Force Lance                    Conjuration/Translocation    4
   f - Iskenderun's Mystic Blast      Conjuration                  4
Comestibles
 c - 4 bread rations
 g - 4 meat rations
 t - 3 fruits


   Skills:
 + Level 0.4 Fighting
 - Level 2.0 Armour
 - Level 2.7 Dodging
 - Level 2.5 Stealth
 + Level 6.2 Spellcasting
 + Level 6.8 Conjurations
 - Level 3.0 Hexes
 - Level 2.1 Invocations


You had 7 spell levels left.
You knew the following spells:

 Your Spells              Type           Power        Failure   Level  Hunger
a - Magic Dart            Conj           ####         1%          1    None
b - Searing Ray           Conj           #####.       1%          2    None
c - Iskenderun's Mystic   Conj           #####...     9%          4    ###....
d - Fulminant Prism       Conj/Hex       ####......   19%         4    ###....


Dungeon Overview and Level Annotations

Branches:
Dungeon (5/15)             Temple (1/1) D:5

Altars:
Cheibriados
Hepliaklqana
Qazlal
Ru
Sif Muna
Yredelemnul

Shops:
D:4 [

Annotations:
D:5 Dowan; Duvessa; frotz's ghost, amateur TrWz


Message History

Frotz's ghost casts a spell at you. The magic dart hits you!
Dowan gestures wildly while chanting.
Dowan blinks!
Duvessa hits you with a rapier.
Dowan gestures wildly while chanting.
Dowan blinks!
Dowan says, "Magic and the sword, together, will defeat you."
Frotz's ghost casts a spell at you. The magic dart hits you!
* * * LOW HITPOINT WARNING * * *
You feel better. Duvessa hits you with a rapier.
* * * LOW HITPOINT WARNING * * *
Duvessa hits you with a rapier.
* * * LOW HITPOINT WARNING * * *
Casting: Iskenderun's Mystic Blast
Confirm with . or Enter, or press ? or * to list all spells.
Okay, then.
Duvessa hits you with a rapier.
You die...

#..# #....##.# ##.# #.......#
####'####....#..## #.
#.......#.####...### #.
#.......#.####.....# #.
#...>...#.#........######.
#.......#....<............
#.......#[................ #
#####'####@................ #.
#.......We................> #.
#.....##.#.................
.#(#####....el.....>.............
.....§......#####................
##...####...# #.#####.......###
...#.# #.#.# #.............# .#
#.# ##.#.# #.#######....##
.###§###....# #.# ##.#.####


You could see Duvessa, Dowan, an iguana and frotz's ghost.

Vanquished Creatures
  The ghost of Thjof the Slasher, an amateur DsCK of Xom (D:4)
  The ghost of veneficus the Covered, a weakling MiFi of Makhleb (D:3)
  A bullfrog zombie (D:5)
  A hound (D:4)
  2 orc priests (D:4)
  2 orc wizards (D:4)
  A centaur skeleton (D:4)
  An iguana (D:4)
  4 worker ants
  7 adders
  A worm (D:2)
  4 dart slugs
  9 orcs
  3 giant cockroaches
  4 goblins
  11 hobgoblins
  3 jackals (D:4)
  3 kobolds
  A quokka (D:3)
  A ball python (D:2)
  6 bats
  3 frilled lizards
  A quokka zombie (D:4)
  7 rats
78 creatures vanquished.

Notes
Turn   | Place    | Note
-------+----------+-------------------------------------------
     0 | D:1      | Norian the Deep Elf Conjurer began the quest for the Orb.
     0 | D:1      | Reached XP level 1. HP: 10/10 MP: 6/6
   156 | D:1      | Reached XP level 2. HP: 15/15 MP: 2/8
   434 | D:1      | Reached skill level 5 in Conjurations
   493 | D:1      | Learned a level 2 spell: Searing Ray
   572 | D:2      | Reached XP level 3. HP: 16/19 MP: 7/10
   699 | D:2      | Found a stormy altar of Qazlal.
   773 | D:2      | Reached XP level 4. HP: 23/24 MP: 1/12
   908 | D:2      | Learned a level 4 spell: Iskenderun's Mystic Blast
   913 | D:2      | Learned a level 4 spell: Fulminant Prism
  1247 | D:3      | Noticed veneficus's ghost (weakling MiFi)
  1265 | D:3      | Killed veneficus's ghost
  1265 | D:3      | Reached skill level 5 in Spellcasting
  1265 | D:3      | Reached XP level 5. HP: 23/28 MP: 1/14
  1485 | D:3      | Found a sacrificial altar of Ru.
  1961 | D:3      | Found a deep blue altar of Sif Muna.
  1964 | D:3      | Became a worshipper of Sif Muna the Loreminder
  2289 | D:4      | Reached skill level 1 in Armour
  2356 | D:4      | Reached XP level 6. HP: 32/32 MP: 12/15
  2427 | D:4      | Noticed Thjof's ghost (amateur DsCK)
  2609 | D:4      | Killed Thjof's ghost
  2609 | D:4      | Reached skill level 1 in Invocations
  2963 | D:4      | Reached * piety under Sif Muna
  2963 | D:4      | Reached XP level 7. HP: 32/36 MP: 10/18
  2988 | D:4      | Found Satwioli's Armour Boutique.
  3210 | D:4      | Found a basalt altar of Yredelemnul.
  3269 | D:4      | Found a snail-covered altar of Cheibriados.
  3273 | D:4      | Found a hazy altar of Hepliaklqana.
  3545 | D:5      | Entered Level 5 of the Dungeon
  3660 | D:5      | Found a staircase to the Ecumenical Temple.
  3666 | Temple   | Entered the Ecumenical Temple
  3802 | D:5      | Noticed Dowan
  3806 | D:5      | Noticed Duvessa
  3814 | D:5      | Noticed frotz's ghost (amateur TrWz)
  3824 | D:5      | Slain by Duvessa

Skill      XL: |  1  2  3  4  5  6  7 |
---------------+----------------------+-----
Conjurations   | 5 6 |  6.8
Spellcasting   | 4 5 6 |  6.2
Hexes          | 3 |  3.0
Armour         | 1 2 |  2.0
Invocations    | 2 |  2.1
Fighting       | |  0.4
Dodging        | |  2.7
Stealth        | |  2.5

Action                   |  1- 3 |  4- 6 |  7- 9 || total
-------------------------+-------+-------+-------++-------
Melee: Dagger            |       |    22 |     2 ||    24
 Cast: Magic Dart        |    59 |    78 |    14 ||   151
       Iskenderun's Myst |       |    11 |     8 ||    19
       Searing Ray       |       |     4 |       ||     4
  Use: Potion            |       |     4 |     1 ||     5
       Scroll            |       |       |     2 ||     2
  Eat: Chunk             |       |     8 |     3 ||    11
Armor: Leather armour    |       |     4 |       ||     4
       Skin              |       |    28 |       ||    28
Dodge: Dodged            |     1 |    13 |     4 ||    18
